[ AOE2 MATCH · #469618812 ]
UnrankedTatars vs Lithuanians
[ REPLAY ANALYSIS · EXTRACTED FROM THE RECORDED GAME ]
Feudal
14:51
Castle
19:46
Imperial
38:49
| APM avg | 22.0 |
| APM peak | 50 |
| eAPM avg | 12.9 |
| Villagers / military | 118 / 60 |
Focus
⚔️ 22.1% · 🌾 77.9%
Keshik ×50 · Fishing Ship ×5 · Scout Cavalry ×4 · Knight ×3 · Trebuchet (Packed) ×3
Feudal
17:17
Castle
20:55
Imperial
—
| APM avg | 39.3 |
| APM peak | 98 |
| eAPM avg | 17.9 |
| Villagers / military | 79 / 80 |
Focus
⚔️ 23.7% · 🌾 76.3%
Knight ×71 · Fishing Ship ×40 · Mangonel ×6 · Monk ×1 · Fire Galley ×1 · Battering Ram ×1
Feudal
17:05
Castle
22:01
Imperial
—
| APM avg | 33.0 |
| APM peak | 69 |
| eAPM avg | 12.3 |
| Villagers / military | 81 / 60 |
Focus
⚔️ 14.9% · 🌾 85.1%
Rattan Archer ×23 · Fishing Ship ×21 · Fire Galley ×19 · Battle Elephant ×14 · Unknown (2626) ×6 · Fire Lancer ×4
Feudal
—
Castle
—
Imperial
—
| APM avg | 36.4 |
| APM peak | 73 |
| eAPM avg | 18.8 |
| Villagers / military | 75 / 27 |
Focus
⚔️ 31.5% · 🌾 68.5%
Skirmisher ×24 · Fishing Ship ×8 · Unknown (2626) ×3 · Transport Ship ×2 · Mangonel ×1
Feudal
14:23
Castle
18:46
Imperial
—
| APM avg | 52.4 |
| APM peak | 108 |
| eAPM avg | 14.9 |
| Villagers / military | 92 / 117 |
Focus
⚔️ 28.7% · 🌾 71.3%
Cavalry Archer ×115 · Fishing Ship ×13 · Mangonel ×2
Feudal
15:15
Castle
22:03
Imperial
—
| APM avg | 31.4 |
| APM peak | 59 |
| eAPM avg | 15.9 |
| Villagers / military | 107 / 56 |
Focus
⚔️ 21.8% · 🌾 78.2%
Cavalry Archer ×47 · Spearman ×6 · Skirmisher ×3
Feudal
16:04
Castle
22:06
Imperial
39:49
| APM avg | 30.8 |
| APM peak | 61 |
| eAPM avg | 14.6 |
| Villagers / military | 108 / 111 |
Focus
⚔️ 21.2% · 🌾 78.8%
Longbowman ×43 · Fishing Ship ×35 · Spearman ×27 · Fire Galley ×25 · Battering Ram ×7 · Trebuchet (Packed) ×4
Feudal
14:33
Castle
19:43
Imperial
—
| APM avg | 30.9 |
| APM peak | 80 |
| eAPM avg | 20.2 |
| Villagers / military | 97 / 2 |
Focus
⚔️ 28.5% · 🌾 71.5%
Unknown (2579) ×54 · Fishing Ship ×13 · Mangonel ×2
Match map
Initial resources + every placement click. Lines = walls · curves = elevation contours. ◆ gold · ⬟ stone · ● berries · ✦ relic · ◌ wall gap
Your base· Open — 5t gap
adamdutt18's base· Open — 10t gap
henry60515's base· Open — 4t gap
XXxCoExXX's base· Open — unwalled flank
EOOOO's base· Open — unwalled flank
Joelx91's base· Open — unwalled flank
chiehlin829's base· Open — 8t gap
B仔's base· Open — 7t gap
Smoothed initial terrain · ◌ = detected wall gap · hover for details
Inputs per minute
— 恰恰小天王 - - adamdutt18
Build order — 恰恰小天王
First 150 of 291 actions detected
| 0:28 | Build | Town Center |
| 2:16 | Build | House |
| 2:49 | Create | Villager (Male) |
| 2:49 | Create | Villager (Male) |
| 2:49 | Create | Villager (Male) |
| 2:50 | Create | Villager (Male) |
| 2:50 | Create | Villager (Male) |
| 2:59 | Build | Dock |
| 3:05 | Research | Loom |
| 3:58 | Create | Villager (Male) |
| 3:58 | Create | Villager (Male) |
| 4:35 | Build | House |
| 4:37 | Create | Villager (Male) |
| 4:37 | Create | Villager (Male) |
| 5:10 | Build | House |
| 6:01 | Create | Villager (Male) |
| 6:01 | Create | Villager (Male) |
| 6:01 | Create | Villager (Male) |
| 6:39 | Create | Fishing Ship |
| 6:55 | Create | Villager (Male) |
| 6:55 | Create | Villager (Male) |
| 7:18 | Create | Villager (Male) |
| 7:18 | Create | Villager (Male) |
| 7:31 | Create | Villager (Male) |
| 7:32 | Create | Villager (Male) |
| 7:51 | Create | Fishing Ship |
| 7:54 | Create | Villager (Male) |
| 7:54 | Create | Villager (Male) |
| 8:05 | Create | Villager (Male) |
| 8:05 | Create | Villager (Male) |
| 8:29 | Create | Villager (Male) |
| 8:30 | Create | Villager (Male) |
| 8:41 | Build | House |
| 8:47 | Create | Villager (Male) |
| 8:48 | Create | Villager (Male) |
| 8:53 | Create | Villager (Male) |
| 8:53 | Create | Villager (Male) |
| 9:15 | Build | Mill |
| 9:31 | Build | House |
| 9:49 | Create | Villager (Male) |
| 9:55 | Build | House |
| 9:57 | Build | House |
| 9:59 | Build | House |
| 10:43 | Build | Palisade Wall |
| 10:52 | Build | Farm |
| 10:54 | Create | Villager (Male) |
| 10:55 | Create | Villager (Male) |
| 11:13 | Create | Fishing Ship |
| 11:58 | Build | Mining Camp |
| 12:16 | Create | Villager (Male) |
| 12:19 | Create | Fishing Ship |
| 12:31 | Research | Feudal Age |
| 13:21 | Build | Farm |
| 13:28 | Build | House |
| 13:40 | Create | Villager (Male) |
| 13:41 | Create | Villager (Male) |
| 14:08 | Build | Barracks |
| 14:51 | Age | Feudal Age |
| 15:00 | Build | Blacksmith |
| 15:42 | Create | Villager (Male) |
| 16:03 | Create | Villager (Male) |
| 16:25 | Build | Stable |
| 16:30 | Create | Villager (Male) |
| 17:06 | Research | Castle Age |
| 17:06 | Research | Castle Age |
| 17:11 | Create | Scout Cavalry |
| 17:11 | Create | Scout Cavalry |
| 17:12 | Create | Scout Cavalry |
| 17:12 | Create | Scout Cavalry |
| 17:27 | Build | Stable |
| 17:42 | Research | Bloodlines |
| 17:48 | Build | Farm |
| 18:01 | Build | Farm |
| 18:17 | Build | House |
| 18:36 | Research | Scale Barding Armor |
| 18:43 | Build | House |
| 18:48 | Create | Villager (Male) |
| 18:48 | Create | Villager (Male) |
| 19:21 | Build | Mining Camp |
| 19:30 | Build | Farm |
| 19:31 | Build | Farm |
| 19:37 | Create | Villager (Male) |
| 19:46 | Age | Castle Age |
| 20:12 | Create | Knight |
| 20:12 | Create | Knight |
| 20:13 | Create | Knight |
| 21:24 | Create | Villager (Male) |
| 21:24 | Create | Villager (Male) |
| 21:26 | Create | Villager (Male) |
| 21:26 | Create | Villager (Male) |
| 21:50 | Create | Villager (Male) |
| 21:51 | Create | Villager (Male) |
| 21:58 | Build | Town Center |
| 22:11 | Build | Farm |
| 22:16 | Build | Farm |
| 22:22 | Research | Stone Mining |
| 22:26 | Build | Farm |
| 22:36 | Build | Farm |
| 23:08 | Create | Villager (Male) |
| 23:09 | Create | Villager (Male) |
| 23:15 | Create | Villager (Male) |
| 24:15 | Create | Villager (Male) |
| 24:15 | Create | Villager (Male) |
| 24:16 | Create | Villager (Male) |
| 24:16 | Create | Villager (Male) |
| 24:21 | Create | Villager (Male) |
| 24:34 | Build | Town Center |
| 24:44 | Create | Villager (Male) |
| 24:44 | Create | Villager (Male) |
| 24:58 | Build | Stone Wall |
| 25:08 | Create | Villager (Male) |
| 25:08 | Create | Villager (Male) |
| 25:15 | Build | Lumber Camp |
| 25:26 | Create | Villager (Male) |
| 25:26 | Create | Villager (Male) |
| 25:28 | Create | Villager (Male) |
| 25:28 | Create | Villager (Male) |
| 25:42 | Build | Farm |
| 25:45 | Build | Farm |
| 25:46 | Create | Villager (Male) |
| 25:47 | Create | Villager (Male) |
| 25:52 | Create | Fishing Ship |
| 25:56 | Create | Villager (Male) |
| 25:56 | Create | Villager (Male) |
| 25:56 | Create | Villager (Male) |
| 26:04 | Create | Villager (Male) |
| 26:04 | Create | Villager (Male) |
| 26:14 | Build | Farm |
| 26:19 | Create | Villager (Male) |
| 26:32 | Create | Villager (Male) |
| 26:33 | Create | Villager (Male) |
| 26:42 | Create | Villager (Male) |
| 26:42 | Create | Villager (Male) |
| 26:58 | Build | Castle |
| 27:06 | Create | Villager (Male) |
| 27:15 | Research | Husbandry |
| 27:19 | Create | Villager (Male) |
| 27:19 | Create | Villager (Male) |
| 27:30 | Build | Farm |
| 27:32 | Build | Farm |
| 27:35 | Build | Farm |
| 27:35 | Create | Villager (Male) |
| 27:36 | Create | Villager (Male) |
| 27:44 | Research | Horse Collar |
| 27:44 | Research | Horse Collar |
| 27:55 | Build | Farm |
| 27:56 | Build | Farm |
| 27:59 | Build | Farm |
| 28:01 | Create | Villager (Male) |
| 28:02 | Create | Villager (Male) |
Build order — adamdutt18
First 150 of 301 actions detected
| 0:12 | Build | Town Center |
| 1:08 | Build | House |
| 2:43 | Create | Villager (Male) |
| 2:43 | Create | Villager (Male) |
| 2:44 | Create | Villager (Male) |
| 3:06 | Build | Dock |
| 3:39 | Create | Villager (Male) |
| 4:04 | Create | Villager (Male) |
| 4:20 | Create | Villager (Male) |
| 4:20 | Create | Villager (Male) |
| 4:22 | Create | Fishing Ship |
| 4:36 | Build | House |
| 5:09 | Research | Loom |
| 5:21 | Create | Fishing Ship |
| 5:31 | Build | House |
| 5:54 | Create | Fishing Ship |
| 6:08 | Create | Villager (Male) |
| 6:25 | Create | Fishing Ship |
| 6:55 | Create | Villager (Male) |
| 6:56 | Create | Villager (Male) |
| 6:58 | Create | Fishing Ship |
| 7:21 | Create | Fishing Ship |
| 7:31 | Build | House |
| 7:44 | Create | Villager (Male) |
| 7:44 | Create | Villager (Male) |
| 8:16 | Create | Villager (Male) |
| 8:22 | Build | Dock |
| 8:42 | Create | Villager (Male) |
| 8:58 | Create | Fishing Ship |
| 9:09 | Create | Villager (Male) |
| 9:09 | Create | Villager (Male) |
| 9:13 | Create | Fishing Ship |
| 9:19 | Build | House |
| 9:37 | Create | Villager (Male) |
| 9:47 | Create | Fishing Ship |
| 9:47 | Create | Fishing Ship |
| 9:54 | Build | House |
| 9:56 | Create | Villager (Male) |
| 9:56 | Create | Villager (Male) |
| 10:13 | Create | Fishing Ship |
| 10:32 | Create | Fishing Ship |
| 10:32 | Create | Fishing Ship |
| 10:35 | Create | Villager (Male) |
| 10:35 | Create | Villager (Male) |
| 10:58 | Build | Dock |
| 10:59 | Create | Villager (Male) |
| 11:08 | Create | Villager (Male) |
| 11:13 | Create | Fishing Ship |
| 11:14 | Create | Fishing Ship |
| 11:14 | Create | Fishing Ship |
| 11:33 | Build | Lumber Camp |
| 11:34 | Create | Villager (Male) |
| 11:42 | Create | Fishing Ship |
| 11:42 | Create | Fishing Ship |
| 11:46 | Create | Villager (Male) |
| 11:46 | Create | Villager (Male) |
| 11:51 | Build | House |
| 12:11 | Create | Villager (Male) |
| 12:11 | Create | Fishing Ship |
| 12:12 | Create | Fishing Ship |
| 12:23 | Create | Villager (Male) |
| 12:31 | Create | Fishing Ship |
| 12:31 | Create | Fishing Ship |
| 12:45 | Create | Fishing Ship |
| 12:46 | Create | Fishing Ship |
| 12:50 | Create | Villager (Male) |
| 12:51 | Build | House |
| 12:57 | Build | House |
| 13:03 | Create | Fishing Ship |
| 13:19 | Create | Fishing Ship |
| 13:27 | Create | Fishing Ship |
| 13:31 | Build | House |
| 13:49 | Create | Fishing Ship |
| 13:49 | Create | Fishing Ship |
| 14:05 | Create | Fishing Ship |
| 14:05 | Create | Fishing Ship |
| 14:13 | Build | House |
| 14:20 | Create | Fishing Ship |
| 14:21 | Create | Villager (Male) |
| 14:38 | Create | Fishing Ship |
| 14:53 | Build | Mining Camp |
| 15:06 | Build | Mill |
| 15:07 | Research | Feudal Age |
| 15:39 | Build | House |
| 15:40 | Build | House |
| 15:42 | Create | Fishing Ship |
| 15:42 | Create | Fishing Ship |
| 15:42 | Create | Fishing Ship |
| 16:02 | Create | Fishing Ship |
| 16:16 | Create | Villager (Male) |
| 16:26 | Create | Fishing Ship |
| 16:26 | Create | Fishing Ship |
| 16:45 | Create | Villager (Male) |
| 17:12 | Create | Fishing Ship |
| 17:16 | Create | Villager (Male) |
| 17:17 | Age | Feudal Age |
| 17:20 | Build | Market |
| 17:30 | Build | House |
| 17:34 | Build | Blacksmith |
| 18:15 | Research | Castle Age |
| 18:23 | Build | Barracks |
| 18:29 | Research | Double-Bit Axe |
| 18:59 | Build | House |
| 19:44 | Build | Stable |
| 20:16 | Build | Stable |
| 20:21 | Build | Palisade Wall |
| 20:22 | Build | Palisade Gate |
| 20:29 | Research | Gold Mining |
| 20:55 | Age | Castle Age |
| 20:59 | Create | Knight |
| 21:00 | Create | Knight |
| 21:02 | Build | Stable |
| 21:06 | Create | Villager (Male) |
| 21:26 | Create | Knight |
| 21:26 | Create | Knight |
| 21:33 | Build | Stable |
| 21:35 | Create | Villager (Male) |
| 21:37 | Create | Villager (Male) |
| 21:41 | Build | House |
| 21:45 | Create | Knight |
| 21:45 | Create | Knight |
| 21:53 | Create | Knight |
| 21:53 | Create | Knight |
| 22:11 | Create | Knight |
| 22:18 | Build | Monastery |
| 22:24 | Build | Palisade Gate |
| 22:26 | Build | Palisade Wall |
| 22:27 | Create | Villager (Male) |
| 22:28 | Create | Knight |
| 22:28 | Create | Knight |
| 22:46 | Create | Knight |
| 22:47 | Create | Knight |
| 22:51 | Create | Villager (Male) |
| 23:12 | Create | Knight |
| 23:12 | Create | Knight |
| 23:25 | Build | Town Center |
| 23:27 | Create | Villager (Male) |
| 23:33 | Create | Monk |
| 23:36 | Build | House |
| 23:52 | Create | Fire Galley |
| 23:56 | Research | Husbandry |
| 24:04 | Build | Town Center |
| 24:16 | Create | Villager (Male) |
| 24:18 | Build | House |
| 24:36 | Research | Scale Barding Armor |
| 24:47 | Create | Knight |
| 24:47 | Create | Knight |
| 25:00 | Research | Bow Saw |
| 25:20 | Create | Villager (Male) |
| 25:23 | Build | Mill |
Build order — henry60515
142 actions detected in the replay
| 0:44 | Build | Town Center |
| 3:05 | Build | House |
| 3:13 | Create | Villager (Male) ×4 |
| 3:13 | Create | Villager (Male) ×4 |
| 3:15 | Research | Loom |
| 4:23 | Create | Villager (Male) |
| 5:07 | Build | House |
| 5:40 | Build | Dock |
| 6:14 | Create | Villager (Male) |
| 6:14 | Create | Villager (Male) |
| 6:15 | Create | Villager (Male) |
| 6:22 | Create | Villager (Male) |
| 6:22 | Create | Villager (Male) |
| 6:46 | Create | Villager (Male) |
| 6:46 | Create | Villager (Male) |
| 7:28 | Create | Villager (Male) |
| 7:29 | Create | Villager (Male) |
| 8:02 | Build | House |
| 8:07 | Create | Fishing Ship |
| 8:07 | Create | Fishing Ship |
| 8:31 | Build | House |
| 8:32 | Create | Villager (Male) |
| 9:10 | Create | Villager (Male) ×3 |
| 9:10 | Create | Villager (Male) ×3 |
| 9:28 | Build | Mill |
| 10:00 | Create | Fishing Ship |
| 10:00 | Create | Fishing Ship |
| 10:14 | Create | Villager (Male) |
| 10:14 | Create | Villager (Male) |
| 10:26 | Build | House |
| 10:42 | Create | Villager (Male) |
| 10:42 | Create | Villager (Male) |
| 10:42 | Create | Villager (Male) |
| 10:53 | Create | Fishing Ship |
| 10:53 | Create | Fishing Ship |
| 11:15 | Create | Fishing Ship |
| 11:15 | Create | Fishing Ship |
| 11:28 | Create | Villager (Male) ×3 |
| 11:28 | Create | Villager (Male) ×3 |
| 11:38 | Create | Fishing Ship |
| 11:44 | Create | Villager (Male) |
| 11:44 | Create | Villager (Male) |
| 12:01 | Build | Mill |
| 12:23 | Create | Fishing Ship |
| 12:37 | Build | Lumber Camp |
| 12:51 | Create | Villager (Male) |
| 12:52 | Create | Villager (Male) |
| 13:27 | Build | House |
| 13:29 | Build | House |
| 13:39 | Create | Fishing Ship |
| 14:45 | Build | Mining Camp |
| 14:55 | Research | Feudal Age |
| 15:00 | Build | House |
| 15:01 | Build | House |
| 15:08 | Create | Fishing Ship ×5 |
| 17:05 | Age | Feudal Age |
| 17:17 | Build | Blacksmith |
| 17:27 | Build | Market |
| 17:35 | Research | Tech 906 |
| 17:50 | Build | Lumber Camp |
| 18:05 | Create | Fire Galley ×3 |
| 18:50 | Research | Town Watch |
| 19:21 | Research | Castle Age |
| 19:51 | Create | Unit 2626 |
| 20:26 | Build | House |
| 20:30 | Build | House |
| 20:34 | Build | Stone Wall |
| 20:51 | Build | Mining Camp |
| 20:58 | Research | Wheelbarrow |
| 20:58 | Create | Villager (Male) ×5 |
| 21:31 | Create | Unit 2626 |
| 21:34 | Create | Fire Galley |
| 21:40 | Research | Double-Bit Axe |
| 22:01 | Age | Castle Age |
| 22:09 | Build | Town Center |
| 22:19 | Create | Villager (Male) ×5 |
| 22:42 | Research | War Galley (upgrade) |
| 22:53 | Create | Villager (Male) ×5 |
| 23:02 | Create | Fire Galley |
| 23:02 | Create | Fire Galley |
| 23:14 | Research | Bow Saw |
| 23:22 | Build | Lumber Camp |
| 23:26 | Build | Lumber Camp |
| 24:16 | Create | Unit 2626 |
| 24:16 | Create | Unit 2626 |
| 24:17 | Create | Fire Galley ×3 |
| 24:38 | Research | Fletching |
| 24:39 | Research | Padded Archer Armor |
| 25:15 | Create | Villager (Male) ×5 |
| 26:14 | Create | Unit 2626 |
| 26:15 | Create | Unit 2626 |
| 26:16 | Create | Fire Galley ×5 |
| 27:01 | Build | House |
| 27:02 | Build | House |
| 27:02 | Build | House |
| 27:03 | Build | House |
| 27:03 | Build | House |
| 27:04 | Build | House |
| 27:04 | Build | House |
| 27:04 | Build | House |
| 27:05 | Build | House |
| 27:34 | Research | Bodkin Arrow |
| 27:35 | Research | Leather Archer Armor |
| 27:39 | Build | University |
| 28:30 | Build | Castle |
| 28:50 | Build | Barracks |
| 28:52 | Create | Villager (Male) ×5 |
| 29:15 | Research | Ballistics |
| 29:20 | Build | Lumber Camp |
| 29:27 | Build | Farm |
| 29:27 | Build | Farm |
| 29:29 | Research | Horse Collar |
| 29:37 | Create | Villager (Male) |
| 29:51 | Build | Stable |
| 29:52 | Build | Stable |
| 29:57 | Create | Fishing Ship ×5 |
| 30:21 | Create | Rattan Archer ×5 |
| 30:21 | Create | Rattan Archer ×5 |
| 31:25 | Create | Rattan Archer |
| 32:15 | Build | Fish Trap |
| 32:20 | Build | Fish Trap |
| 32:24 | Build | Fish Trap |
| 33:02 | Create | Battle Elephant |
| 33:02 | Create | Battle Elephant |
| 33:06 | Create | Fire Lancer |
| 33:23 | Create | Villager (Male) ×5 |
| 34:00 | Build | Fish Trap |
| 34:12 | Build | Fish Trap |
| 34:23 | Create | Fire Lancer ×3 |
| 35:34 | Create | Battle Elephant ×5 |
| 35:47 | Create | Rattan Archer |
| 35:48 | Create | Rattan Archer |
| 36:49 | Create | Rattan Archer ×5 |
| 36:49 | Create | Rattan Archer ×5 |
| 37:47 | Research | Bloodlines |
| 37:47 | Research | Husbandry |
| 37:48 | Create | Battle Elephant ×3 |
| 38:20 | Create | Fire Galley ×5 |
| 39:13 | Create | Battle Elephant ×4 |
| 41:20 | Create | Villager (Male) ×5 |
| 41:20 | Create | Villager (Male) ×5 |
| 41:49 | Build | Town Center |
Build order — XXxCoExXX
First 150 of 159 actions detected
| 1:07 | Build | Town Center |
| 3:41 | Create | Villager (Male) |
| 3:41 | Create | Villager (Male) |
| 3:42 | Create | Villager (Male) |
| 3:42 | Create | Villager (Male) |
| 4:54 | Research | Loom |
| 5:03 | Create | Villager (Male) |
| 5:04 | Create | Villager (Male) |
| 5:57 | Create | Villager (Male) |
| 5:57 | Create | Villager (Male) |
| 5:57 | Create | Villager (Male) |
| 6:27 | Create | Villager (Male) |
| 6:27 | Create | Villager (Male) |
| 6:56 | Create | Villager (Male) |
| 6:56 | Create | Villager (Male) |
| 7:36 | Create | Villager (Male) |
| 7:36 | Create | Villager (Male) |
| 7:37 | Create | Villager (Male) |
| 7:58 | Create | Villager (Male) |
| 7:58 | Create | Villager (Male) |
| 8:16 | Create | Villager (Male) |
| 8:16 | Create | Villager (Male) |
| 8:22 | Build | Mill |
| 8:57 | Create | Villager (Male) |
| 8:57 | Create | Villager (Male) |
| 9:29 | Create | Villager (Male) |
| 9:29 | Create | Villager (Male) |
| 9:46 | Create | Villager (Male) |
| 9:46 | Create | Villager (Male) |
| 9:51 | Create | Villager (Male) |
| 9:51 | Create | Villager (Male) |
| 10:25 | Build | Dock |
| 10:43 | Create | Villager (Male) |
| 11:07 | Create | Fishing Ship |
| 11:07 | Create | Fishing Ship |
| 11:08 | Create | Fishing Ship |
| 11:15 | Create | Villager (Male) |
| 11:46 | Create | Villager (Male) |
| 12:00 | Build | Lumber Camp |
| 12:22 | Create | Villager (Male) |
| 12:43 | Create | Villager (Male) |
| 13:10 | Create | Fishing Ship |
| 13:18 | Create | Fishing Ship |
| 13:20 | Create | Villager (Male) |
| 13:25 | Create | Villager (Male) |
| 13:43 | Research | Feudal Age |
| 14:17 | Create | Fishing Ship |
| 15:30 | Create | Villager (Male) |
| 15:47 | Build | Mining Camp |
| 16:00 | Research | Double-Bit Axe |
| 16:12 | Build | Blacksmith |
| 16:32 | Build | Stone Wall |
| 16:35 | Create | Villager (Male) |
| 16:36 | Create | Villager (Male) |
| 16:49 | Create | Fishing Ship |
| 16:50 | Create | Fishing Ship |
| 16:54 | Create | Unit 2626 |
| 16:54 | Create | Unit 2626 |
| 16:55 | Create | Unit 2626 |
| 17:06 | Research | Horse Collar |
| 17:09 | Create | Villager (Male) |
| 17:22 | Build | Farm |
| 17:30 | Build | Farm |
| 17:39 | Build | Farm |
| 17:43 | Build | Farm |
| 17:45 | Build | Farm |
| 17:53 | Create | Villager (Male) |
| 18:15 | Build | Farm |
| 18:18 | Create | Villager (Male) |
| 18:47 | Create | Villager (Male) |
| 18:50 | Create | Villager (Male) |
| 19:03 | Build | Market |
| 19:08 | Create | Villager (Male) |
| 19:43 | Build | Barracks |
| 19:48 | Build | Stone Wall |
| 19:51 | Build | Stone Wall |
| 19:52 | Build | Stone Wall |
| 19:55 | Create | Villager (Male) |
| 19:58 | Research | Castle Age |
| 20:06 | Build | Stone Wall |
| 20:10 | Research | Fletching |
| 20:13 | Research | Scale Barding Armor |
| 20:43 | Research | Gold Mining |
| 20:43 | Research | Stone Mining |
| 21:09 | Build | Archery Range |
| 21:15 | Research | Padded Archer Armor |
| 21:21 | Build | Archery Range |
| 21:55 | Build | Watch Tower |
| 22:32 | Create | Skirmisher |
| 22:32 | Create | Skirmisher |
| 22:32 | Create | Skirmisher |
| 22:32 | Create | Skirmisher |
| 22:33 | Create | Skirmisher |
| 23:08 | Research | Bodkin Arrow |
| 23:56 | Build | Watch Tower |
| 24:02 | Create | Skirmisher |
| 25:32 | Build | Town Center |
| 26:38 | Create | Skirmisher |
| 26:38 | Create | Skirmisher |
| 26:38 | Create | Skirmisher |
| 27:13 | Create | Villager (Male) |
| 27:13 | Create | Villager (Male) |
| 27:14 | Create | Villager (Male) |
| 27:26 | Create | Skirmisher |
| 27:26 | Create | Skirmisher |
| 27:38 | Create | Skirmisher |
| 27:42 | Create | Villager (Male) |
| 27:52 | Build | Watch Tower |
| 27:58 | Research | Leather Archer Armor |
| 29:22 | Create | Villager (Male) |
| 29:22 | Create | Villager (Male) |
| 29:22 | Create | Villager (Male) |
| 29:22 | Create | Villager (Male) |
| 29:23 | Create | Villager (Male) |
| 29:28 | Research | Town Watch |
| 29:40 | Create | Villager (Male) |
| 29:40 | Create | Villager (Male) |
| 29:41 | Create | Villager (Male) |
| 30:30 | Research | Elite Skirmisher (upgrade) |
| 31:03 | Research | Wheelbarrow |
| 31:22 | Create | Villager (Male) |
| 31:23 | Create | Villager (Male) |
| 31:23 | Create | Villager (Male) |
| 31:45 | Build | Archery Range |
| 31:56 | Research | Bow Saw |
| 32:27 | Build | Town Center |
| 32:32 | Create | Skirmisher |
| 32:32 | Create | Skirmisher |
| 32:32 | Create | Skirmisher |
| 32:33 | Create | Skirmisher |
| 32:33 | Create | Skirmisher |
| 33:16 | Build | Siege Workshop |
| 34:04 | Create | Transport Ship |
| 34:04 | Create | Transport Ship |
| 34:40 | Create | Mangonel |
| 37:26 | Build | Archery Range |
| 37:56 | Build | Archery Range |
| 38:39 | Create | Skirmisher |
| 38:40 | Create | Skirmisher |
| 38:40 | Create | Skirmisher |
| 39:11 | Create | Villager (Male) |
| 39:11 | Create | Villager (Male) |
| 39:11 | Create | Villager (Male) |
| 39:12 | Create | Villager (Male) |
| 39:26 | Create | Villager (Male) |
| 39:26 | Create | Villager (Male) |
| 39:26 | Create | Villager (Male) |
| 39:27 | Create | Villager (Male) |
| 39:54 | Create | Villager (Male) |
| 39:55 | Create | Villager (Male) |
Build order — EOOOO
First 150 of 265 actions detected
| 0:29 | Build | Town Center |
| 3:05 | Create | Villager (Male) |
| 3:05 | Create | Villager (Male) |
| 3:05 | Create | Villager (Male) |
| 3:06 | Create | Villager (Male) |
| 4:27 | Build | Dock |
| 5:34 | Create | Fishing Ship |
| 5:34 | Create | Fishing Ship |
| 5:42 | Research | Loom |
| 5:43 | Research | Loom |
| 5:50 | Research | Loom |
| 5:51 | Research | Loom |
| 6:24 | Create | Fishing Ship |
| 6:24 | Create | Fishing Ship |
| 6:39 | Create | Villager (Male) |
| 6:40 | Create | Villager (Male) |
| 7:21 | Create | Villager (Male) |
| 7:23 | Create | Fishing Ship |
| 7:23 | Create | Fishing Ship |
| 7:45 | Create | Villager (Male) |
| 7:45 | Create | Villager (Male) |
| 8:05 | Create | Villager (Male) |
| 8:05 | Create | Villager (Male) |
| 8:10 | Create | Fishing Ship |
| 8:10 | Create | Fishing Ship |
| 8:24 | Create | Villager (Male) |
| 8:24 | Create | Villager (Male) |
| 8:47 | Create | Villager (Male) |
| 8:47 | Create | Villager (Male) |
| 9:10 | Create | Fishing Ship |
| 9:10 | Create | Fishing Ship |
| 9:43 | Create | Villager (Male) |
| 9:43 | Create | Villager (Male) |
| 9:44 | Create | Villager (Male) |
| 10:08 | Create | Villager (Male) |
| 10:09 | Create | Villager (Male) |
| 10:09 | Create | Villager (Male) |
| 10:09 | Create | Villager (Male) |
| 10:09 | Create | Villager (Male) |
| 10:23 | Create | Villager (Male) |
| 10:23 | Create | Villager (Male) |
| 10:29 | Create | Fishing Ship |
| 10:29 | Create | Fishing Ship |
| 10:48 | Create | Fishing Ship |
| 10:50 | Create | Villager (Male) |
| 10:50 | Create | Villager (Male) |
| 11:29 | Create | Villager (Male) |
| 11:46 | Build | Mill |
| 12:13 | Research | Feudal Age |
| 12:13 | Research | Feudal Age |
| 12:47 | Create | Villager (Male) |
| 12:52 | Build | Lumber Camp |
| 13:40 | Create | Villager (Male) |
| 13:46 | Build | Barracks |
| 14:23 | Age | Feudal Age |
| 14:28 | Create | Villager (Male) |
| 14:34 | Build | Archery Range |
| 14:40 | Create | Villager (Male) |
| 15:23 | Build | Blacksmith |
| 15:48 | Build | Mining Camp |
| 16:01 | Build | Palisade Wall |
| 16:06 | Research | Castle Age |
| 16:06 | Research | Castle Age |
| 16:49 | Build | Archery Range |
| 17:22 | Build | Palisade Wall |
| 17:35 | Create | Villager (Male) |
| 17:36 | Create | Villager (Male) |
| 17:39 | Research | Double-Bit Axe |
| 17:45 | Research | Fletching |
| 17:45 | Research | Fletching |
| 18:13 | Create | Villager (Male) |
| 18:42 | Build | Archery Range |
| 18:45 | Build | Palisade Wall |
| 18:46 | Age | Castle Age |
| 18:49 | Create | Cavalry Archer |
| 18:49 | Create | Cavalry Archer |
| 18:55 | Research | Bodkin Arrow |
| 18:55 | Research | Bodkin Arrow |
| 19:11 | Create | Villager (Male) |
| 19:28 | Build | Dock |
| 19:39 | Create | Cavalry Archer |
| 19:40 | Create | Cavalry Archer |
| 20:00 | Create | Cavalry Archer |
| 20:00 | Create | Cavalry Archer |
| 20:18 | Create | Cavalry Archer |
| 20:18 | Create | Cavalry Archer |
| 20:46 | Create | Villager (Male) |
| 20:46 | Create | Villager (Male) |
| 20:47 | Create | Villager (Male) |
| 21:03 | Build | Palisade Wall |
| 21:13 | Create | Villager (Male) |
| 21:13 | Create | Villager (Male) |
| 21:29 | Create | Cavalry Archer |
| 21:29 | Create | Cavalry Archer |
| 21:30 | Create | Cavalry Archer |
| 21:30 | Create | Cavalry Archer |
| 21:38 | Create | Villager (Male) |
| 22:10 | Create | Villager (Male) |
| 22:10 | Create | Villager (Male) |
| 22:18 | Create | Cavalry Archer |
| 22:18 | Create | Cavalry Archer |
| 22:18 | Create | Cavalry Archer |
| 22:19 | Create | Cavalry Archer |
| 22:38 | Create | Cavalry Archer |
| 22:38 | Create | Cavalry Archer |
| 22:38 | Create | Cavalry Archer |
| 22:39 | Create | Cavalry Archer |
| 23:22 | Create | Cavalry Archer |
| 23:22 | Create | Cavalry Archer |
| 23:22 | Create | Cavalry Archer |
| 24:07 | Create | Villager (Male) |
| 24:08 | Create | Villager (Male) |
| 24:08 | Create | Villager (Male) |
| 24:09 | Create | Cavalry Archer |
| 24:09 | Create | Cavalry Archer |
| 24:10 | Create | Cavalry Archer |
| 24:10 | Create | Cavalry Archer |
| 24:10 | Create | Cavalry Archer |
| 25:06 | Create | Cavalry Archer |
| 25:07 | Create | Cavalry Archer |
| 25:08 | Create | Cavalry Archer |
| 25:08 | Create | Cavalry Archer |
| 25:09 | Create | Cavalry Archer |
| 25:18 | Create | Villager (Male) |
| 25:18 | Create | Villager (Male) |
| 25:36 | Build | Town Center |
| 25:46 | Create | Cavalry Archer |
| 25:47 | Create | Cavalry Archer |
| 25:47 | Create | Cavalry Archer |
| 25:47 | Create | Cavalry Archer |
| 25:51 | Research | Gold Mining |
| 25:51 | Research | Gold Mining |
| 25:52 | Create | Villager (Male) |
| 25:55 | Research | Wheelbarrow |
| 26:06 | Build | Stable |
| 26:20 | Research | Padded Archer Armor |
| 26:20 | Research | Padded Archer Armor |
| 26:26 | Build | University |
| 26:40 | Create | Villager (Male) |
| 26:48 | Create | Cavalry Archer |
| 26:48 | Create | Cavalry Archer |
| 26:48 | Create | Cavalry Archer |
| 26:49 | Create | Cavalry Archer |
| 26:49 | Create | Cavalry Archer |
| 27:26 | Research | Bloodlines |
| 27:27 | Research | Husbandry |
| 27:34 | Create | Villager (Male) |
| 27:39 | Create | Villager (Male) |
| 27:39 | Create | Villager (Male) |
| 28:24 | Build | Siege Workshop |
Build order — Joelx91
First 150 of 265 actions detected
| 0:21 | Build | Town Center |
| 2:50 | Create | Villager (Male) |
| 2:50 | Create | Villager (Male) |
| 2:51 | Create | Villager (Male) |
| 3:14 | Build | House |
| 3:35 | Create | Villager (Male) |
| 3:36 | Create | Villager (Male) |
| 3:36 | Create | Villager (Male) |
| 3:54 | Build | House |
| 4:20 | Create | Villager (Male) |
| 4:38 | Build | Palisade Gate |
| 4:50 | Create | Villager (Male) |
| 4:50 | Create | Villager (Male) |
| 4:58 | Research | Loom |
| 5:24 | Build | Palisade Wall |
| 5:34 | Create | Villager (Male) |
| 5:35 | Create | Villager (Male) |
| 5:56 | Create | Villager (Male) |
| 5:59 | Build | Lumber Camp |
| 6:45 | Create | Villager (Male) |
| 6:45 | Create | Villager (Male) |
| 6:46 | Create | Villager (Male) |
| 7:33 | Create | Villager (Male) |
| 7:38 | Build | House |
| 8:05 | Create | Villager (Male) |
| 8:05 | Create | Villager (Male) |
| 8:05 | Create | Villager (Male) |
| 8:21 | Build | Mill |
| 8:32 | Create | Villager (Male) |
| 8:32 | Create | Villager (Male) |
| 8:32 | Create | Villager (Male) |
| 9:03 | Create | Villager (Male) |
| 9:03 | Create | Villager (Male) |
| 9:04 | Create | Villager (Male) |
| 9:33 | Create | Villager (Male) |
| 9:33 | Create | Villager (Male) |
| 10:05 | Create | Villager (Male) |
| 10:05 | Create | Villager (Male) |
| 10:17 | Build | House |
| 10:42 | Create | Villager (Male) |
| 10:43 | Create | Villager (Male) |
| 11:02 | Build | Palisade Wall |
| 11:05 | Create | Villager (Male) |
| 11:33 | Create | Villager (Male) |
| 11:52 | Build | Lumber Camp |
| 11:58 | Create | Villager (Male) |
| 12:06 | Build | Palisade Gate |
| 12:23 | Build | Outpost |
| 12:27 | Create | Villager (Male) |
| 12:27 | Create | Villager (Male) |
| 12:32 | Build | Palisade Wall |
| 12:54 | Build | House |
| 13:05 | Research | Feudal Age |
| 13:05 | Research | Feudal Age |
| 14:02 | Build | House |
| 14:15 | Build | Outpost |
| 14:21 | Create | Villager (Male) |
| 14:21 | Create | Villager (Male) |
| 14:45 | Build | Barracks |
| 14:54 | Build | Palisade Wall |
| 15:15 | Age | Feudal Age |
| 15:50 | Create | Villager (Male) |
| 16:05 | Build | Blacksmith |
| 16:07 | Build | Archery Range |
| 16:24 | Create | Villager (Male) |
| 16:29 | Build | Palisade Gate |
| 16:53 | Build | House |
| 16:55 | Create | Villager (Male) |
| 17:03 | Build | Pasture |
| 17:19 | Build | Archery Range |
| 17:30 | Build | Pasture |
| 17:35 | Create | Villager (Male) |
| 18:03 | Build | Palisade Gate |
| 18:06 | Build | Palisade Wall |
| 18:14 | Build | Palisade Wall |
| 18:34 | Build | Market |
| 18:40 | Create | Villager (Male) |
| 19:00 | Build | House |
| 19:14 | Build | Mining Camp |
| 19:23 | Research | Castle Age |
| 19:24 | Research | Castle Age |
| 19:43 | Create | Spearman |
| 19:44 | Create | Spearman |
| 20:06 | Build | House |
| 20:09 | Build | Stone Wall |
| 20:20 | Build | Gate |
| 20:26 | Build | House |
| 20:33 | Build | House |
| 20:59 | Create | Spearman |
| 21:22 | Create | Spearman |
| 21:23 | Create | Spearman |
| 22:02 | Create | Spearman |
| 22:03 | Age | Castle Age |
| 22:18 | Research | Gold Mining |
| 22:21 | Research | Double-Bit Axe |
| 22:25 | Create | Villager (Male) |
| 22:25 | Create | Villager (Male) |
| 22:47 | Build | Stone Wall |
| 22:57 | Create | Cavalry Archer |
| 22:58 | Create | Cavalry Archer |
| 23:02 | Create | Villager (Male) |
| 23:19 | Build | Town Center |
| 23:31 | Create | Villager (Male) |
| 23:31 | Create | Villager (Male) |
| 23:41 | Create | Cavalry Archer |
| 23:41 | Create | Cavalry Archer |
| 23:55 | Build | Pasture |
| 23:59 | Build | Pasture |
| 24:04 | Create | Villager (Male) |
| 24:04 | Create | Villager (Male) |
| 24:08 | Create | Cavalry Archer |
| 24:08 | Create | Cavalry Archer |
| 24:36 | Create | Cavalry Archer |
| 24:36 | Create | Cavalry Archer |
| 24:40 | Create | Villager (Male) |
| 24:59 | Build | Pasture |
| 25:01 | Build | Pasture |
| 25:09 | Create | Villager (Male) |
| 25:09 | Create | Villager (Male) |
| 25:12 | Create | Cavalry Archer |
| 25:12 | Create | Cavalry Archer |
| 25:35 | Research | Fletching |
| 25:35 | Research | Fletching |
| 25:39 | Create | Cavalry Archer |
| 25:39 | Create | Cavalry Archer |
| 25:47 | Create | Villager (Male) |
| 25:47 | Create | Villager (Male) |
| 26:01 | Build | Pasture |
| 26:07 | Create | Cavalry Archer |
| 26:07 | Create | Cavalry Archer |
| 26:22 | Create | Villager (Male) |
| 26:24 | Create | Villager (Male) |
| 26:25 | Create | Villager (Male) |
| 26:38 | Build | Mining Camp |
| 26:47 | Create | Cavalry Archer |
| 26:47 | Create | Cavalry Archer |
| 26:56 | Build | University |
| 27:03 | Create | Villager (Male) |
| 27:03 | Create | Villager (Male) |
| 27:06 | Create | Villager (Male) |
| 27:08 | Create | Cavalry Archer |
| 27:13 | Create | Skirmisher |
| 27:13 | Create | Skirmisher |
| 27:13 | Create | Skirmisher |
| 27:29 | Create | Cavalry Archer |
| 27:35 | Build | House |
| 27:36 | Build | House |
| 27:42 | Research | Wheelbarrow |
| 27:56 | Build | House |
| 28:53 | Research | Ballistics |
Build order — chiehlin829
First 150 of 285 actions detected
| 1:36 | Build | Town Center |
| 3:04 | Build | House |
| 3:04 | Build | House |
| 3:45 | Create | Villager (Male) |
| 3:45 | Create | Villager (Male) |
| 3:45 | Create | Villager (Male) |
| 3:45 | Create | Villager (Male) |
| 3:46 | Create | Villager (Male) |
| 4:42 | Create | Villager (Male) |
| 4:43 | Create | Villager (Male) |
| 5:28 | Build | Dock |
| 5:30 | Create | Villager (Male) |
| 5:30 | Create | Villager (Male) |
| 5:51 | Create | Villager (Male) |
| 5:51 | Create | Villager (Male) |
| 6:15 | Create | Villager (Male) |
| 6:15 | Create | Villager (Male) |
| 6:29 | Create | Villager (Male) |
| 6:29 | Create | Villager (Male) |
| 6:59 | Create | Villager (Male) |
| 7:00 | Create | Villager (Male) |
| 7:00 | Create | Villager (Male) |
| 7:24 | Create | Villager (Male) |
| 7:35 | Create | Villager (Male) |
| 8:02 | Build | House |
| 8:03 | Build | House |
| 8:14 | Create | Fishing Ship |
| 8:14 | Create | Fishing Ship |
| 8:16 | Create | Villager (Male) |
| 8:17 | Create | Villager (Male) |
| 8:17 | Create | Villager (Male) |
| 8:28 | Create | Villager (Male) |
| 8:28 | Create | Villager (Male) |
| 8:43 | Create | Villager (Male) |
| 8:43 | Create | Villager (Male) |
| 8:56 | Build | House |
| 9:11 | Create | Villager (Male) |
| 9:16 | Create | Fishing Ship |
| 9:36 | Build | House |
| 9:36 | Build | House |
| 9:39 | Create | Villager (Male) |
| 9:39 | Create | Villager (Male) |
| 9:40 | Create | Villager (Male) |
| 10:12 | Create | Fishing Ship |
| 10:12 | Create | Fishing Ship |
| 10:12 | Create | Fishing Ship |
| 10:23 | Create | Villager (Male) |
| 10:23 | Create | Villager (Male) |
| 10:36 | Create | Fishing Ship |
| 10:37 | Create | Fishing Ship |
| 10:58 | Build | House |
| 11:00 | Build | House |
| 11:01 | Create | Villager (Male) |
| 11:01 | Create | Villager (Male) |
| 11:04 | Create | Fishing Ship |
| 11:04 | Create | Fishing Ship |
| 11:22 | Create | Villager (Male) |
| 11:22 | Create | Villager (Male) |
| 11:23 | Create | Villager (Male) |
| 11:23 | Create | Villager (Male) |
| 12:22 | Build | House |
| 12:40 | Create | Fishing Ship |
| 12:40 | Create | Fishing Ship |
| 12:41 | Create | Fishing Ship |
| 13:21 | Build | Barracks |
| 13:37 | Build | Mining Camp |
| 13:54 | Research | Feudal Age |
| 13:54 | Research | Feudal Age |
| 14:05 | Build | Mill |
| 14:22 | Build | Dock |
| 14:41 | Create | Villager (Male) |
| 14:41 | Create | Villager (Male) |
| 14:44 | Create | Villager (Male) |
| 14:44 | Create | Villager (Male) |
| 15:09 | Create | Transport Ship |
| 15:09 | Create | Fishing Ship |
| 15:12 | Create | Fishing Ship |
| 15:24 | Create | Fishing Ship |
| 15:31 | Create | Villager (Male) |
| 15:31 | Create | Villager (Male) |
| 16:04 | Age | Feudal Age |
| 16:11 | Build | Stone Wall |
| 16:21 | Build | Gate |
| 16:24 | Create | Villager (Male) |
| 16:28 | Create | Fishing Ship |
| 16:28 | Create | Fishing Ship |
| 17:01 | Build | Stone Wall |
| 17:02 | Build | Stone Wall |
| 17:07 | Build | Gate |
| 17:11 | Create | Villager (Male) |
| 17:14 | Create | Fishing Ship |
| 17:14 | Create | Fishing Ship |
| 17:15 | Create | Villager (Male) |
| 17:20 | Build | House |
| 17:21 | Build | House |
| 17:24 | Create | Villager (Male) |
| 17:48 | Build | Blacksmith |
| 17:59 | Create | Fishing Ship |
| 18:00 | Create | Fishing Ship |
| 18:27 | Build | Stone Wall |
| 18:30 | Build | Gate |
| 18:38 | Build | Archery Range |
| 18:42 | Create | Villager (Male) |
| 18:56 | Create | Villager (Male) |
| 19:01 | Build | House |
| 19:01 | Build | House |
| 19:01 | Build | House |
| 19:18 | Create | Fishing Ship |
| 19:19 | Create | Fishing Ship |
| 19:26 | Research | Castle Age |
| 19:43 | Build | House |
| 19:43 | Build | House |
| 19:57 | Build | Lumber Camp |
| 20:12 | Create | Archer |
| 20:20 | Build | House |
| 20:36 | Build | Stone Wall |
| 20:39 | Build | Gate |
| 20:43 | Create | Spearman ×4 |
| 20:50 | Create | Archer ×2 |
| 21:32 | Build | Stone Wall |
| 21:57 | Research | Fletching |
| 21:58 | Research | Forging |
| 21:59 | Research | Scale Barding Armor |
| 22:02 | Research | Padded Archer Armor |
| 22:04 | Create | Fishing Ship |
| 22:04 | Create | Fishing Ship |
| 22:06 | Create | Villager (Male) |
| 22:06 | Age | Castle Age |
| 22:06 | Create | Villager (Male) |
| 22:20 | Build | House |
| 22:20 | Build | House |
| 22:39 | Build | Barracks |
| 23:07 | Build | Town Center |
| 23:13 | Create | Fishing Ship |
| 23:16 | Create | Villager (Male) |
| 23:16 | Create | Villager (Male) |
| 23:20 | Research | Double-Bit Axe |
| 23:29 | Create | Spearman ×3 |
| 25:14 | Build | Castle |
| 25:16 | Create | Villager (Male) |
| 25:16 | Create | Villager (Male) |
| 25:17 | Create | Villager (Male) |
| 25:17 | Create | Villager (Male) |
| 25:18 | Create | Villager (Male) |
| 25:18 | Create | Villager (Male) |
| 25:20 | Create | Fishing Ship |
| 25:20 | Create | Fishing Ship |
| 25:21 | Create | Fishing Ship |
| 25:22 | Create | Villager (Male) |
| 25:22 | Create | Villager (Male) |
Build order — B仔
First 150 of 258 actions detected
| 1:03 | Build | Town Center |
| 1:28 | Build | Dock |
| 1:32 | Build | House |
| 2:39 | Build | House |
| 3:21 | Create | Villager (Male) |
| 3:22 | Create | Villager (Male) |
| 3:22 | Create | Villager (Male) |
| 3:22 | Create | Villager (Male) |
| 3:22 | Create | Villager (Male) |
| 4:23 | Create | Villager (Male) |
| 4:23 | Create | Villager (Male) |
| 5:16 | Create | Villager (Male) |
| 5:17 | Create | Villager (Male) |
| 5:17 | Create | Villager (Male) |
| 5:17 | Create | Villager (Male) |
| 6:12 | Build | Settlement |
| 6:25 | Create | Villager (Male) |
| 6:25 | Create | Villager (Male) |
| 6:25 | Create | Villager (Male) |
| 7:03 | Create | Villager (Male) |
| 7:04 | Create | Villager (Male) |
| 7:04 | Create | Villager (Male) |
| 7:17 | Create | Villager (Male) |
| 7:17 | Create | Villager (Male) |
| 7:17 | Create | Villager (Male) |
| 7:30 | Create | Villager (Male) |
| 7:31 | Create | Villager (Male) |
| 7:50 | Build | House |
| 8:02 | Build | House |
| 8:05 | Create | Villager (Male) |
| 8:05 | Create | Villager (Male) |
| 8:21 | Create | Fishing Ship |
| 8:28 | Create | Villager (Male) |
| 8:28 | Create | Villager (Male) |
| 8:28 | Create | Villager (Male) |
| 8:28 | Create | Villager (Male) |
| 8:46 | Create | Villager (Male) |
| 8:46 | Create | Villager (Male) |
| 9:12 | Create | Villager (Male) |
| 9:12 | Create | Villager (Male) |
| 9:19 | Create | Fishing Ship |
| 9:48 | Create | Villager (Male) |
| 9:55 | Create | Fishing Ship |
| 9:55 | Create | Fishing Ship |
| 9:55 | Create | Fishing Ship |
| 10:31 | Create | Fishing Ship |
| 10:31 | Create | Fishing Ship |
| 10:49 | Create | Villager (Male) |
| 11:17 | Build | Farm |
| 11:20 | Build | Farm |
| 11:21 | Build | Farm |
| 11:30 | Create | Villager (Male) |
| 11:39 | Build | House |
| 11:43 | Build | Farm |
| 11:58 | Research | Loom |
| 12:17 | Research | Feudal Age |
| 12:33 | Create | Villager (Male) |
| 12:34 | Create | Villager (Male) |
| 12:40 | Build | Settlement |
| 12:52 | Create | Villager (Male) |
| 13:13 | Create | Fishing Ship |
| 13:15 | Create | Fishing Ship |
| 13:51 | Build | Palisade Wall |
| 13:52 | Build | Palisade Wall |
| 14:05 | Build | Palisade Wall |
| 14:06 | Build | Palisade Wall |
| 14:07 | Build | Palisade Wall |
| 14:11 | Create | Villager (Male) |
| 14:29 | Build | Palisade Wall |
| 14:32 | Create | Villager (Male) |
| 14:32 | Create | Villager (Male) |
| 14:33 | Age | Feudal Age |
| 14:35 | Create | Villager (Male) |
| 14:51 | Build | Blacksmith |
| 14:53 | Create | Villager (Male) |
| 15:13 | Build | Market |
| 16:55 | Research | Castle Age |
| 17:14 | Build | Barracks |
| 17:20 | Build | House |
| 17:22 | Create | Villager (Male) |
| 17:45 | Create | Villager (Male) |
| 17:57 | Create | Fishing Ship |
| 17:57 | Create | Fishing Ship |
| 18:11 | Build | House |
| 18:17 | Build | Archery Range |
| 18:22 | Create | Villager (Male) |
| 18:30 | Research | Double-Bit Axe |
| 18:33 | Research | Horse Collar |
| 18:52 | Build | House |
| 18:56 | Create | Villager (Male) |
| 19:29 | Build | Palisade Wall |
| 19:34 | Build | Palisade Gate |
| 19:37 | Create | Villager (Male) |
| 19:43 | Age | Castle Age |
| 19:48 | Build | Town Center |
| 19:50 | Create | Villager (Male) |
| 20:01 | Create | Villager (Male) |
| 20:10 | Build | Town Center |
| 20:15 | Create | Villager (Male) |
| 20:27 | Create | Fishing Ship |
| 20:27 | Create | Fishing Ship |
| 20:58 | Create | Villager (Male) |
| 21:04 | Research | Heavy Plow |
| 21:06 | Create | Villager (Male) |
| 21:07 | Create | Villager (Male) |
| 21:09 | Create | Villager (Male) |
| 21:15 | Create | Villager (Male) |
| 21:37 | Create | Villager (Male) |
| 21:43 | Create | Villager (Male) |
| 21:51 | Create | Villager (Male) |
| 21:59 | Research | Stone Mining |
| 22:01 | Research | Bow Saw |
| 22:06 | Create | Villager (Male) |
| 22:15 | Build | Farm |
| 22:19 | Build | Farm |
| 22:21 | Build | Farm |
| 22:22 | Build | Farm |
| 22:37 | Research | Wheelbarrow |
| 22:40 | Build | Farm |
| 22:42 | Create | Villager (Male) |
| 22:46 | Build | Farm |
| 22:50 | Create | Villager (Male) |
| 22:51 | Create | Villager (Male) |
| 22:54 | Build | Farm |
| 23:17 | Create | Villager (Male) |
| 23:17 | Create | Villager (Male) |
| 23:25 | Build | Farm |
| 23:35 | Create | Villager (Male) |
| 23:59 | Build | Farm |
| 24:01 | Build | Farm |
| 24:02 | Build | Farm |
| 24:10 | Create | Villager (Male) |
| 24:14 | Build | Farm |
| 24:15 | Create | Villager (Male) |
| 24:16 | Create | Villager (Male) |
| 24:25 | Build | Farm |
| 25:05 | Research | Hand Cart |
| 25:06 | Create | Villager (Male) |
| 25:07 | Create | Villager (Male) |
| 25:10 | Build | House |
| 25:24 | Create | Villager (Male) |
| 25:24 | Create | Villager (Male) |
| 25:33 | Build | Farm |
| 25:34 | Create | Villager (Male) |
| 25:43 | Build | House |
| 25:44 | Build | House |
| 25:47 | Create | Villager (Male) |
| 25:47 | Create | Villager (Male) |
| 25:58 | Create | Villager (Male) |
| 26:05 | Build | Farm |
Match timeline
| 1:28 | B仔 · first_building Dock |
| 2:59 | 恰恰小天王 · first_building Dock |
| 3:06 | adamdutt18 · first_building Dock |
| 4:27 | EOOOO · first_building Dock |
| 5:24 | Joelx91 · wall_segment Palisade Wall x13 |
| 5:28 | chiehlin829 · first_building Dock |
| 5:40 | henry60515 · first_building Dock |
| 10:25 | XXxCoExXX · first_building Dock |
| 10:43 | 恰恰小天王 · wall_segment Palisade Wall x10 |
| 11:02 | Joelx91 · wall_segment Palisade Wall x9 |
| 12:32 | Joelx91 · wall_segment Palisade Wall x4 |
| 13:21 | chiehlin829 · first_building Barracks |
| 13:46 | EOOOO · first_building Barracks |
| 13:51 | B仔 · wall_segment Palisade Wall x1 |
| 13:52 | B仔 · wall_segment Palisade Wall x1 |
| 14:05 | B仔 · wall_segment Palisade Wall x1 |
| 14:06 | B仔 · wall_segment Palisade Wall x1 |
| 14:07 | B仔 · wall_segment Palisade Wall x1 |
| 14:08 | 恰恰小天王 · first_building Barracks |
| 14:23 | EOOOO · age_up feudal |
| 14:29 | B仔 · wall_segment Palisade Wall x1 |
| 14:33 | B仔 · age_up feudal |
| 14:34 | EOOOO · first_building Archery Range |
| 14:45 | Joelx91 · first_building Barracks |
| 14:51 | 恰恰小天王 · age_up feudal |
| 14:54 | Joelx91 · wall_segment Palisade Wall x12 |
| 15:15 | Joelx91 · age_up feudal |
| 16:01 | EOOOO · wall_segment Palisade Wall x5 |
| 16:04 | chiehlin829 · age_up feudal |
| 16:07 | Joelx91 · first_building Archery Range |
| 16:11 | chiehlin829 · wall_segment Stone Wall x9 |
| 16:25 | 恰恰小天王 · first_building Stable |
| 16:32 | XXxCoExXX · wall_segment Stone Wall x5 |
| 17:01 | chiehlin829 · wall_segment Stone Wall x1 |
| 17:02 | chiehlin829 · wall_segment Stone Wall x1 |
| 17:05 | henry60515 · age_up feudal |
| 17:14 | B仔 · first_building Barracks |
| 17:17 | adamdutt18 · age_up feudal |
| 17:22 | EOOOO · wall_segment Palisade Wall x1 |
| 18:06 | Joelx91 · wall_segment Palisade Wall x1 |
| 18:14 | Joelx91 · wall_segment Palisade Wall x1 |
| 18:17 | B仔 · first_building Archery Range |
| 18:23 | adamdutt18 · first_building Barracks |
| 18:27 | chiehlin829 · wall_segment Stone Wall x14 |
| 18:38 | chiehlin829 · first_building Archery Range |
| 18:45 | EOOOO · wall_segment Palisade Wall x1 |
| 18:46 | EOOOO · age_up castle |
| 19:17 | henry60515 · first_market_sell 500 wood |
| 19:21 | Joelx91 · first_market_sell 100 food |
| 19:29 | B仔 · wall_segment Palisade Wall x20 |
| 19:43 | B仔 · age_up castle |
| 19:43 | XXxCoExXX · first_building Barracks |
| 19:44 | adamdutt18 · first_building Stable |
| 19:46 | 恰恰小天王 · age_up castle |
| 19:48 | XXxCoExXX · wall_segment Stone Wall x1 |
| 19:51 | XXxCoExXX · wall_segment Stone Wall x1 |
| 19:52 | XXxCoExXX · wall_segment Stone Wall x1 |
| 20:06 | XXxCoExXX · wall_segment Stone Wall x1 |
| 20:09 | Joelx91 · wall_segment Stone Wall x1 |
| 20:21 | adamdutt18 · wall_segment Palisade Wall x7 |
| 20:34 | henry60515 · wall_segment Stone Wall x1 |
| 20:36 | chiehlin829 · wall_segment Stone Wall x7 |
| 20:55 | adamdutt18 · age_up castle |
| 21:03 | EOOOO · wall_segment Palisade Wall x1 |
| 21:09 | XXxCoExXX · first_building Archery Range |
| 21:32 | chiehlin829 · wall_segment Stone Wall x1 |
| 22:01 | henry60515 · age_up castle |
| 22:03 | Joelx91 · age_up castle |
| 22:06 | chiehlin829 · age_up castle |
| 22:18 | adamdutt18 · first_building Monastery |
| 22:26 | adamdutt18 · wall_segment Palisade Wall x1 |
| 22:47 | Joelx91 · wall_segment Stone Wall x1 |
| 23:31 | adamdutt18 · first_market_sell 100 food |
| 24:58 | 恰恰小天王 · wall_segment Stone Wall x2 |
| 25:14 | chiehlin829 · first_building Castle |
| 26:06 | EOOOO · first_building Stable |
| 26:24 | B仔 · first_building Castle |
| 26:41 | chiehlin829 · wall_segment Stone Wall x1 |
| 26:44 | adamdutt18 · first_building Siege Workshop |
| 26:45 | chiehlin829 · wall_segment Stone Wall x20 |
| 26:46 | adamdutt18 · first_market_buy 100 food |
| 26:58 | 恰恰小天王 · first_building Castle |
| 27:49 | B仔 · first_building Siege Workshop |
| 28:24 | EOOOO · first_building Siege Workshop |
| 28:30 | henry60515 · first_building Castle |
| 28:41 | Joelx91 · first_market_buy 100 wood |
| 28:50 | henry60515 · first_building Barracks |
| 29:20 | 恰恰小天王 · wall_segment Stone Wall x3 |
| 29:51 | henry60515 · first_building Stable |
| 30:55 | Joelx91 · first_building Stable |
| 31:42 | chiehlin829 · first_building Siege Workshop |
| 32:14 | XXxCoExXX · first_market_buy 100 wood |
| 33:16 | XXxCoExXX · first_building Siege Workshop |
| 33:23 | Joelx91 · first_building Castle |
| 33:42 | chiehlin829 · first_building Monastery |
| 35:20 | Joelx91 · wall_segment Stone Wall x1 |
| 37:23 | 恰恰小天王 · first_building Archery Range |
| 37:58 | EOOOO · first_building Castle |
| 38:49 | 恰恰小天王 · age_up imperial |
| 39:05 | chiehlin829 · first_market_sell 100 stone |
| 39:49 | chiehlin829 · age_up imperial |
| 41:30 | adamdutt18 · resign |
[ AI ANALYSIS · 1 CREDIT ]
What really happened in this match?
Wolo.gg analyzes every decision: build order, eco, micro, common mistakes by bracket. Personalized analysis on WhatsApp or Discord in 30 seconds.
Civ guide
Tatars
Perfil
Jugador #11601154